 Dungeon Crawl Stone Soup version 0.19.0-11-g3fc08b3 (console) character file.

114872 Morrissey the Executioner (level 16, -4/149 HPs)
             Began as a Hill Orc Berserker on Nov 9, 2016.
             Was the Champion of Trog.
             Slain by a tengu reaver
             ... wielding a +4 long sword of holy wrath
             ... led by Sojobo
              (8 damage)
             ... on level 1 of the Depths.
             The game lasted 00:50:32 (24073 turns).

Morrissey the Executioner (Hill Orc Berserker)     Turns: 24073, Time: 00:50:32

Health: -4/149     AC: 30    Str: 33    XL:     16   Next: 67%
Magic:  16/16      EV: 16    Int:  7    God:    Trog [******]
Gold:   2445       SH:  4    Dex: 13    Spells: 0 memorised, 15 levels left

rFire  . . .     SeeInvis +     a - +0 great mace
rCold  . . .     Gourm    .     G - +0 plate armour
rNeg   . . .     Faith    .     (shield currently unavailable)
rPois  .         Spirit   .     (no helmet)
rElec  .         Reflect  .     F - +0 cloak
rCorr  .         Harm     .     x - +1 pair of gloves
MR     +....                    y - +2 pair of boots
Stlth  ..........               p - amulet of regeneration
                                K - ring of Erphoe Fubb {+Blink AC+5 Str+6 Dex-2 SInv}
                                h - +3 ring of strength

@: lethally poisoned (-4 -> -5)
A: repulsion field 1, large bone plates 1, agile 1
a: Berserk, Trog's Hand, Brothers in Arms, Burn Spellbooks, Renounce Religion,
Evoke Blink


You were on level 1 of the Depths.
You worshipped Trog.
Trog was exalted by your worship.
You were not hungry.

You visited 5 branches of the dungeon, and saw 25 of its levels.
You also visited: Bailey.

You collected 2525 gold pieces.
You spent 80 gold pieces at shops.

Inventory:

Hand Weapons
 a - a +0 great mace (weapon)
 b - a +6 battleaxe of electrocution
 k - a +1 executioner's axe of electrocution
 H - a +2 antimagic battleaxe
Armour
 x - a +1 pair of gloves (worn)
 y - a +2 pair of boots (worn)
 F - a +0 cloak (worn)
 G - a +0 plate armour (worn)
Jewellery
 h - a +3 ring of strength (left hand)
 p - an amulet of regeneration (around neck)
 t - an uncursed ring of flight
 B - an uncursed amulet of guardian spirit {unknown}
 D - an uncursed ring of positive energy {unknown}
 E - an uncursed ring of fire
 K - the ring of Erphoe Fubb (right hand) {+Blink AC+5 Str+6 Dex-2 SInv}
   (You found it in a bailey)

   [ring of protection]

   It affects your AC (+5).
   It affects your strength (+6).
   It affects your dexterity (-2).
   It lets you see invisible.
   It lets you blink.
Wands
 d - a wand of teleportation (1/9)
 q - a wand of lightning (10/15)
 r - a wand of lightning (10/15)
 u - a wand of flame (14/48)
 C - a wand of teleportation (1/9)
Scrolls
 e - 12 scrolls of remove curse
 g - a scroll of magic mapping
 l - 2 scrolls of fear
 m - 2 scrolls of amnesia {unknown}
 n - 2 scrolls of enchant weapon
 s - 2 scrolls of enchant armour {unknown}
 I - a scroll of vulnerability {unknown}
 L - a scroll of immolation {unknown}
Potions
 f - 3 potions of cure mutation
 j - 6 potions of might
 o - 5 potions of agility
 v - 4 potions of haste
 w - 4 potions of magic
 z - a potion of cancellation
 A - 5 potions of flight
 M - 2 potions of heal wounds
 N - a potion of berserk rage
 P - 4 potions of curing
Comestibles
 c - 14 bread rations
 J - 43 fruits


   Skills:
 + Level 15.5 Fighting
 * Level 22.0 Axes
 * Level 15.4 Armour
 - Level 10.5 Dodging


You had 15 spell levels left.
You didn't know any spells.

Dungeon Overview and Level Annotations

Branches:
Dungeon (15/15)            Temple (0/1) D:7            Lair (6/6) D:11
 Shoals (1/4) Lair:3       Spider (0/4) Lair:3        Slime (0/5) Lair:6
    Orc (2/2) D:10            Elf (0/3) Orc:2        Vaults (0/5) D:14
 Depths (1/5) D:15

Altars:
Ashenzari
Cheibriados
Fedhas
Gozag
Kikubaaqudgha
Makhleb
Nemelex Xobeh
Okawaru
Qazlal
Uskayaw
Vehumet
Xom
Zin
Beogh
Jiyva
Lugonu

Shops:
D:14 !   Orc:1 *   Orc:2 %(:(

Annotations:
Lair:4 exclusions: 2 electric eels and 8 more exclusions


Innate Abilities, Weirdness & Mutations

You are surrounded by a mild repulsion field. (EV +2)
You are partially covered in large bone plates. (SH +4)
You are agile. (Dex +2)


Message History

The tengu reaver claws you but does no damage.
The tengu reaver blocks your attack.
The tengu reaver is severely wounded.
You feel sick.
The tengu reaver hits you with a long sword of holy wrath.
* * * LOW HITPOINT WARNING * * *
The tengu reaver misses you.
The tengu reaver claws you but does no damage.
You barely miss the tengu reaver.
The tengu reaver is severely wounded.
You feel sick.
The tengu reaver hits you with a long sword of holy wrath!
* * * LOW HITPOINT WARNING * * *
The tengu reaver closely misses you.
The tengu reaver claws you but does no damage.
You hit the tengu reaver but do no damage.
The tengu reaver is severely wounded.
You feel sick.
The tengu reaver hits you with a long sword of holy wrath!
You die...

#...#.#..........
............#####
................
###...##..#.#####
............#
......##..*.#
......'...#.#
......##)##.#
.Q... #@# .# ....
#Q# # ... #.# ..
... . #.. ..##
#.# #.#


You could see a tengu reaver and a battlesphere.

Vanquished Creatures
  Rupert (D:14)
  Agnes (D:14)
  A tengu reaver (Depths:1)
  A caustic shrike zombie (D:15)
  An orc warlord (Bailey)
  A juggernaut zombie (D:15)
  The ghost of Dioneo the Severer, a journeyman MiGl of Zin (D:15)
  A stone giant (Depths:1)
  Josephine (Lair:4)
  2 merfolk impalers (Shoals:1)
  4 ogre magi (Orc:2)
  6 hydras
  A death knight (D:15)
  4 centaur warriors
  A catoblepas (Lair:6)
  10 death yaks
  Erica (Lair:1)
  A vampire mage (D:15)
  Urug (Lair:4)
  3 skeletal warriors
  8 slime creatures
  2 sea snakes (Shoals:1)
  A wizard (D:14)
  An unseen horror (D:11)
  A flayed ghost (Depths:1)
  8 hill giants
  An orc knight (D:14)
  An orb spider (Lair:3)
  A necromancer (D:15)
  3 fauns (Shoals:1)
  2 orc sorcerers
  2 wolf spiders (Lair:6)
  2 deep elf magi (D:15)
  6 manticores
  A cyclops (D:14)
  A siren (Shoals:1)
  3 elephants (Lair:6)
  A guardian serpent (Lair:6)
  3 centaur zombies
  6 black mambas
  A stone giant skeleton (D:15)
  15 spiny frogs
  2 torpor snails (Lair:5)
  A spriggan zombie (D:15)
  4 komodo dragons
  3 kobold demonologists (D:14)
  10 rime drakes
  A freezing wraith (D:15)
  A guardian mummy (D:15)
  6 merfolk
  2 polar bears
  3 meliai (D:15)
  8 trolls
  A wolf spider simulacrum (D:15)
  5 hornets
  18 two-headed ogres
  Prince Ribbit (D:8)
  5 dream sheep (Lair:5)
  6 blink frogs
  21 hippogriffs
  2 snapping turtles (Shoals:1)
  A shadow (D:15)
  A vampire (D:15)
  A centaur simulacrum (D:14)
  A water elemental (Shoals:1)
  2 redbacks (Lair:6)
  46 yaks
  10 wraiths
  23 wyverns
  3 vampire mosquitoes (D:15)
  13 basilisks
  16 humans (D:14)
  Grum (D:10)
  2 hungry ghosts
  A steam dragon (D:10)
  A soldier ant (D:13)
  18 water moccasins
  A hell hound (Lair:6)
  7 porcupines
  A black bear (Lair:4)
  25 orc warriors
  5 ice beasts
  A necrophage (D:10)
  2 sky beasts
  3 phantoms
  29 ogres
  A boggart (D:14)
  11 centaurs
  19 wolves
  14 crocodiles
  2 big kobolds
  19 bullfrogs
  A gnoll sergeant (Orc:2)
  A wyvern skeleton (D:14)
  A hornet simulacrum (D:9)
  6 scorpions
  8 killer bees
  An electric eel (D:9)
  8 crimson imps
  2 bullfrog zombies (D:11)
  A jelly (D:15)
  13 hounds
  12 orc priests
  3 iron imps (D:5)
  21 orc wizards
  A bullfrog skeleton (D:5)
  A gnoll shaman (D:8)
  3 centaur skeletons
  5 iguanas
  19 worker ants
  5 gnolls
  A howler monkey skeleton (D:6)
  15 adders
  2 river rats
  3 shadow imps
  3 ufetubi (D:9)
  2 oozes
  4 adder skeletons
  A worm (D:1)
  2 dart slugs
  2 leopard geckos
  71 orcs
  2 ball pythons
  12 bats
  7 giant cockroaches
  7 hobgoblins
  7 jackals
  19 kobolds
  2 quokkas
  5 frilled lizards
  13 goblins
  A leopard gecko zombie (D:8)
  A quokka simulacrum (D:9)
  5 rats
  11 fungi
  14 plants
817 creatures vanquished.

Vanquished Creatures (collateral kills)
  2 hydras
  A rime drake (Lair:5)
  A hippogriff (Lair:5)
  A wyvern (Lair:5)
  A hungry ghost (D:11)
  A bullfrog (D:11)
7 creatures vanquished.

Vanquished Creatures (others)
  A bush (Lair:4)
  19 fungi
  4 plants
24 creatures vanquished.

Grand Total: 848 creatures vanquished

Notes
Turn   | Place    | Note
-------+----------+-------------------------------------------
     0 | D:1      | Morrissey the Hill Orc Berserker began the quest for the Orb.
     0 | D:1      | Reached XP level 1. HP: 19/19 MP: 1/1
   114 | D:1      | Reached XP level 2. HP: 20/27 MP: 2/2
   559 | D:1      | Reached XP level 3. HP: 28/33 MP: 3/3
   751 | D:2      | Reached ** piety under Trog
   770 | D:2      | Found a shattered altar of Ashenzari.
  1187 | D:3      | HP: 2/49 [poisoned by an adder]
  1510 | D:3      | Reached skill level 5 in Axes
  1526 | D:3      | Reached XP level 4. HP: 40/40 MP: 4/4
  1682 | D:3      | Found a hide-covered altar of Uskayaw.
  1689 | D:3      | Found an ancient bone altar of Kikubaaqudgha.
  1719 | D:3      | Reached XP level 5. HP: 9/47 MP: 5/5
  2014 | D:3      | Noticed a phantom
  2063 | D:3      | Killed a phantom
  2063 | D:3      | Reached skill level 6 in Axes
  2063 | D:3      | Reached XP level 6. HP: 38/53 MP: 6/6
  2407 | D:3      | Found a glowing silver altar of Zin.
  2446 | D:4      | Reached *** piety under Trog
  2947 | D:4      | Reached skill level 5 in Fighting
  3125 | D:4      | Found a stormy altar of Qazlal.
  3125 | D:4      | Found an opulent altar of Gozag.
  3125 | D:4      | Found a radiant altar of Vehumet.
  3227 | D:5      | Entered Level 5 of the Dungeon
  3400 | D:5      | Reached skill level 7 in Axes
  3400 | D:5      | Reached XP level 7. HP: 44/61 MP: 7/7
  3435 | D:5      | HP: 1/91 [ice beast (12)]
  4230 | D:5      | Found a burning altar of Makhleb.
  4252 | D:5      | Reached skill level 8 in Axes
  4677 | D:6      | Reached skill level 5 in Armour
  4677 | D:6      | Reached XP level 8. HP: 64/70 MP: 8/8
  4785 | D:6      | Reached skill level 9 in Axes
  5547 | D:6      | Reached **** piety under Trog
  5779 | D:7      | HP: 4/109 [orc wizard/magic dart (3)]
  5780 | D:7      | Reached XP level 9. HP: 4/79 MP: 9/9
  5786 | D:7      | HP: 3/79 [orc wizard/dagger (2)]
  5787 | D:7      | Reached skill level 10 in Axes
  6628 | D:7      | Found a staircase to the Ecumenical Temple.
  6771 | D:7      | Noticed a troll
  6777 | D:7      | Killed a troll
  7014 | D:7      | Reached skill level 11 in Axes
  7101 | D:8      | Reached skill level 5 in Dodging
  7281 | D:8      | Gained mutation: You are agile. (Dex +2) [potion of beneficial mutation]
  7805 | D:8      | Noticed a two-headed ogre
  7809 | D:8      | Reached XP level 10. HP: 60/88 MP: 10/10
  8255 | D:8      | Noticed Prince Ribbit
  8276 | D:8      | Killed Prince Ribbit
  8309 | D:8      | Reached skill level 12 in Axes
  8458 | D:8      | Got a scorched war axe {freeze}
  8462 | D:8      | Identified the +6 war axe of Wyrd {freeze, rF+ rN+ Int+2 Dex-5} (You took it off an orc on level 8 of the Dungeon)
  8745 | D:9      | Found a flagged portal.
  8756 | Bailey   | Entered a bailey
  8761 | Bailey   | Noticed an orc warlord
  8797 | Bailey   | Reached ***** piety under Trog
  8837 | Bailey   | Found a runed gate.
  8841 | Bailey   | Found a runed gate.
  8841 | Bailey   | Found a runed gate.
  8913 | Bailey   | Killed an orc warlord
  8913 | Bailey   | Reached skill level 13 in Axes
  8930 | Bailey   | Gained mutation: You are surrounded by a mild repulsion field. (EV +2) [potion of beneficial mutation]
  8938 | Bailey   | Gained mutation: You are partially covered in large bone plates. (SH +4) [potion of beneficial mutation]
  8954 | Bailey   | Got a twitching ivory ring
  8956 | Bailey   | Identified the ring of Erphoe Fubb {+Blink AC+5 Str+6 Dex-2 SInv} (You found it in a bailey)
  9071 | D:9      | Reached XP level 11. HP: 88/97 MP: 11/11
  9268 | D:9      | Found an iron altar of Okawaru.
  9330 | D:9      | Found a blossoming altar of Fedhas.
  9514 | D:9      | Reached skill level 10 in Fighting
  9536 | D:9      | Reached skill level 14 in Axes
  9654 | D:10     | Entered Level 10 of the Dungeon
  9671 | D:10     | Found a staircase to the Orcish Mines.
  9687 | D:10     | Found a roughly hewn altar of Beogh.
  9985 | D:10     | Noticed a seven-headed hydra
  9998 | D:11     | Killed a seven-headed hydra
 10046 | D:11     | Received a gift from Trog
 10049 | D:11     | Found a staircase to the Lair.
 10120 | D:11     | Found a frozen archway.
 10400 | D:11     | Found a shimmering altar of Xom.
 10518 | D:10     | Noticed Grum
 10531 | D:10     | Killed Grum
 10794 | D:11     | Noticed an unseen horror
 10803 | D:11     | Killed an unseen horror
 10854 | D:11     | Reached skill level 15 in Axes
 10907 | D:11     | Noticed a hill giant
 10913 | D:11     | Killed a hill giant
 10913 | D:11     | Reached skill level 10 in Armour
 10913 | D:11     | Reached XP level 12. HP: 82/108 MP: 12/12
 11108 | D:12     | You fall through a shaft!
 11888 | D:12     | Noticed a five-headed hydra
 11895 | D:12     | Killed a seven-headed hydra
 12016 | Lair:1   | Entered Level 1 of the Lair of Beasts
 12033 | Lair:1   | Received a gift from Trog
 12042 | Lair:1   | Reached skill level 16 in Axes
 12353 | Lair:1   | Noticed Erica
 12363 | Lair:1   | Killed Erica
 12387 | Lair:1   | Noticed an eight-headed hydra
 12396 | Lair:1   | Killed an eight-headed hydra
 13113 | Lair:2   | Reached XP level 13. HP: 112/117 MP: 13/13
 13252 | Lair:2   | Reached skill level 17 in Axes
 13989 | Lair:3   | Found a staircase to the Shoals.
 13997 | Lair:3   | Reached ****** piety under Trog
 14300 | Lair:3   | Found a sparkling altar of Nemelex Xobeh.
 14862 | Lair:3   | Found a hole to the Spider Nest.
 15025 | Lair:4   | Noticed Josephine
 15035 | Lair:4   | Received a gift from Trog
 15038 | Lair:4   | Killed Josephine
 15663 | Lair:4   | Noticed Urug
 15672 | Lair:4   | Killed Urug
 16297 | Lair:5   | Reached skill level 18 in Axes
 16352 | Lair:5   | Reached XP level 14. HP: 58/127 MP: 14/14
 16905 | Lair:5   | Found a snail-covered altar of Cheibriados.
 17190 | Lair:6   | Entered Level 6 of the Lair of Beasts
 17273 | Lair:6   | Found a viscous altar of Jiyva.
 17274 | Lair:6   | Found a staircase to the Slime Pits.
 17492 | Lair:6   | Reached skill level 19 in Axes
 17823 | Lair:6   | Received a gift from Trog
 17824 | Lair:6   | Got an encrusted battleaxe {god gift}
 17832 | Lair:6   | Identified the +3 battleaxe of Nightmares {chop, rF+ Int+4} (Trog gifted it to you on level 6 of the Lair of Beasts)
 17929 | Lair:6   | Reached skill level 10 in Dodging
 18201 | Lair:6   | Reached XP level 15. HP: 78/137 MP: 15/15
 18967 | Orc:1    | Entered Level 1 of the Orcish Mines
 18973 | Orc:1    | Paralysed by an orc sorcerer for 3 turns
 19020 | Orc:1    | Found Onadena's Assorted Antiques.
 19097 | Orc:1    | Received a gift from Trog
 19248 | Orc:2    | Entered Level 2 of the Orcish Mines
 19267 | Orc:2    | Reached skill level 20 in Axes
 19285 | Orc:2    | Paralysed by an orc sorcerer for 6 turns
 19463 | Orc:2    | Found Cimogoo's Food Emporium.
 19463 | Orc:2    | Found Omitosiff's Antique Weapon Shop.
 19583 | Orc:2    | Found Izodghyf's Antique Weapon Shoppe.
 19583 | Orc:2    | Found Line Fum's Book Shop.
 19682 | Orc:2    | Received a gift from Trog
 19890 | Orc:2    | Found a staircase to the Elven Halls.
 20855 | D:14     | Found a gate to the Vaults.
 20863 | D:14     | Received a gift from Trog
 20971 | D:14     | Noticed Agnes
 20985 | D:14     | Killed Agnes
 21039 | D:14     | Found a corrupted altar of Lugonu.
 21098 | D:14     | Noticed Rupert
 21104 | D:14     | Killed Rupert
 21104 | D:14     | Reached skill level 21 in Axes
 21176 | D:14     | Got a twisted shield
 21185 | D:14     | Identified the cursed -5 shield "Wost" {rF+ Str+2} (You found it on level 14 of the Dungeon)
 21434 | D:14     | Reached XP level 16. HP: 147/147 MP: 16/16
 21672 | D:14     | Found Wekhlol's Distillery.
 21680 | D:14     | Bought a potion of heal wounds for 80 gold pieces
 21734 | D:15     | Entered Level 15 of the Dungeon
 21735 | D:15     | Found a staircase to the Depths.
 21754 | D:15     | Reached skill level 15 in Fighting
 21956 | D:15     | Noticed Dioneo's ghost (journeyman MiGl)
 21967 | D:15     | Killed Dioneo's ghost
 21967 | D:15     | Received a gift from Trog
 22131 | D:15     | Found a shimmering altar of Xom.
 22471 | D:15     | Reached skill level 15 in Armour
 23012 | Shoals:1 | Entered Level 1 of the Shoals
 23926 | Depths:1 | Entered Level 1 of the Depths
 24037 | Depths:1 | Noticed a tengu reaver
 24057 | Depths:1 | Noticed a tengu reaver
 24060 | Depths:1 | Killed a tengu reaver
 24060 | Depths:1 | Received a gift from Trog
 24060 | Depths:1 | Reached skill level 22 in Axes
 24072 | Depths:1 | HP: 4/149 [tengu reaver/long sword of holy wrath[Sojobo] (7)]
 24073 | Depths:1 | Slain by a tengu reaver

Skill      XL: |  1  2  3  4  5  6  7  8  9 10 11 12 13 14 15 16 |
---------------+-------------------------------------------------+-----
Fighting       | 4 5 7 8 9 10 11 12 13 14 15 | 15.5
Axes           | 5 6 7 8 9 11 13 15 16 18 19 21 22 | 22.0
Dodging        | 2 3 4 5 6 7 8 9 10 | 10.5
Armour         | 3 4 5 6 7 8 10 11 12 14 15 | 15.4

Action                   |  1- 3 |  4- 6 |  7- 9 | 10-12 | 13-15 | 16-18 || total
-------------------------+-------+-------+-------+-------+-------+-------++-------
Melee: Hand axe          |   119 |   146 |   195 |       |       |       ||   460
       Battleaxe         |       |       |   153 |    55 |   763 |   169 ||  1140
       War axe           |       |       |       |   417 |    43 |       ||   460
       Great mace        |       |       |       |    10 |    31 |   139 ||   180
Invok: Berserk           |       |     2 |    10 |     7 |     6 |     3 ||    28
       Burn Spellbooks   |       |     2 |       |     5 |     1 |     1 ||     9
       Trog's Hand       |       |       |     1 |     1 |     2 |     1 ||     5
       Brothers in Arms  |       |       |       |     3 |     1 |       ||     4
Evoke: Wand              |       |       |       |     3 |     1 |     8 ||    12
  Use: Scroll            |     2 |     5 |     3 |     6 |     5 |     1 ||    22
       Potion            |     1 |       |     1 |     4 |       |     4 ||    10
 Stab: Confused          |       |       |       |     1 |       |       ||     1
       Petrified         |       |       |       |       |     5 |       ||     5
       Petrifying        |       |       |       |       |     1 |       ||     1
       Distracted        |       |       |       |       |     1 |       ||     1
  Eat: Chunk             |     2 |     1 |    20 |    22 |    25 |     4 ||    74
       Meat ration       |       |     1 |     1 |     1 |     2 |     2 ||     7
Armor: Animal skin       |    22 |    15 |     7 |       |       |       ||    44
       Chain mail        |       |       |   122 |       |       |       ||   122
       Plate armour      |       |       |    16 |   246 |   516 |   240 ||  1018
Dodge: Dodged            |    69 |    85 |   183 |   284 |   490 |   246 ||  1357
Block: Other             |       |       |       |    55 |   133 |    64 ||   252
